3AAA
SANTA BARBARA GOLDEN CRANES @ HOUSTON BC
09/13/2022
 
TOP OF THE 1ST
Santa Barbara Golden Cranes batting - Pitching for Houston BC : LHP Carlos Méndez
Pitching: LHP Carlos Méndez
Batting: RHB Ángel López 0-0: Ball
1-0: Foul Ball, location: 2F
1-1: Called Strike
1-2: Ball
2-2: Foul Ball, location: 2F
2-2: Ball
3-2: Fly out, F9 (Flyball, 9M)
Batting: SHB Shojiro Kimura 0-0: Foul Ball, location: 2F
0-1: DOUBLE (Line Drive, 9LS)
Batting: RHB Kyle Dempsey 0-0: Called Strike
0-1: Ball
1-1: Ground out 6-3 (Groundball, 6M)
Shojiro Kimura to third
Batting: LHB Sinclair van Kooten 0-0: Ball
1-0: Ball
2-0: Ball
3-0: Called Strike
3-1: Base on Balls
Batting: RHB John Aston 0-0: Ball
1-0: Ball
2-0: Called Strike
2-1: Foul Ball, location: 2F
2-2: Fly out, F8 (Line Drive, 78M)
Top of the 1st over - 0 run(s), 1 hit(s), 0 error(s), 2 left on base; Santa Barbara 0 - Houston 0
BOTTOM OF THE 1ST
Houston BC batting - Pitching for Santa Barbara Golden Cranes : RHP Cris Herrera
Pitching: RHP Cris Herrera
Batting: RHB José Muńóz 0-0: Ball
1-0: Called Strike
1-1: Foul Ball, location: 2F
1-2: Ball
2-2: Ball
3-2: Strikes out looking
Batting: LHB António Rivera 0-0: Fly out, F8 (Flyball, 8RM)
Batting: LHB Yun Yen 0-0: Fly out, F8 (Flyball, 8LM)
Bottom of the 1st over - 0 run(s), 0 hit(s), 0 error(s), 0 left on base; Santa Barbara 0 - Houston 0
TOP OF THE 2ND
Santa Barbara Golden Cranes batting - Pitching for Houston BC : LHP Carlos Méndez
Batting: LHB Takahiro Harada 0-0: Called Strike
0-1: Ball
1-1: Foul Ball, location: 2F
1-2: Ball
2-2: Ball
3-2: Strikes out swinging
Batting: SHB Stephen Baldwin 0-0: Ground out 3-1 (Groundball, 34)
Batting: LHB Chris McKinney 0-0: Swinging Strike
0-1: Swinging Strike
0-2: Strikes out swinging
Top of the 2nd over - 0 run(s), 0 hit(s), 0 error(s), 0 left on base; Santa Barbara 0 - Houston 0
BOTTOM OF THE 2ND
Houston BC batting - Pitching for Santa Barbara Golden Cranes : RHP Cris Herrera
Batting: LHB Jesús Reyes 0-0: Called Strike
0-1: Ground out 1-3 (Groundball, 13)
Batting: SHB Xavier Vásquez 0-0: Ball
1-0: Called Strike
1-1: SINGLE (Line Drive, 8RS)
Batting: RHB Max White 0-0: Ball
1-0: Fly out, F8 (Flyball, 8LD)
Batting: RHB Steffen Taylor 0-0: Ball
1-0: Ball
2-0: DOUBLE (Line Drive, 7LD)
Xavier Vásquez to third
Runner from 3rd tries for Home, SAFE, no throw or cutoff
Batting: RHB Ludovico Trezza 0-0: Called Strike
0-1: Ball
1-1: Ball
2-1: Foul Ball, location: 2F
2-2: Ball
3-2: Fly out, F9 (Flyball, 9M)
Bottom of the 2nd over - 1 run(s), 2 hit(s), 0 error(s), 1 left on base; Santa Barbara 0 - Houston 1
TOP OF THE 3RD
Santa Barbara Golden Cranes batting - Pitching for Houston BC : LHP Carlos Méndez
Batting: RHB José Mata 0-0: Called Strike
0-1: Reached on error, E5 (Groundball, 5)
Batting: RHB Ángel López 0-0: Ball
1-0: Foul Ball, location: 2F
1-1: Ball
2-1: Ball
3-1: Foul Ball, location: 2F
3-2: Strikes out swinging
Batting: SHB Shojiro Kimura 0-0: Ball
1-0: Ball
2-0: Called Strike
2-1: Swinging Strike
2-2: Ball
3-2: Base on Balls
José Mata to second
Batting: RHB Kyle Dempsey 0-0: Ball
1-0: Ball
2-0: Ball
3-0: Called Strike
3-1: Foul Ball, location: 2F
3-2: Ground out 3-1 (Groundball, 34S)
José Mata to third
Shojiro Kimura to second
Batting: LHB Sinclair van Kooten 0-0: Ball
1-0: Foul Ball, location: 2F
1-1: Foul Ball, location: 2F
1-2: Foul Ball, location: 2F
1-2: Fly out, F7 (Flyball, 7S)
Top of the 3rd over - 0 run(s), 0 hit(s), 1 error(s), 2 left on base; Santa Barbara 0 - Houston 1
BOTTOM OF THE 3RD
Houston BC batting - Pitching for Santa Barbara Golden Cranes : RHP Cris Herrera
Batting: RHB Albert Delgado 0-0: Called Strike
0-1: Foul Ball, location: 2F
0-2: Ball
1-2: Ground out 5-3 (Groundball, 5S)
Batting: RHB José Muńóz 0-0: Called Strike
0-1: Ball
1-1: Swinging Strike
1-2: Ground out 4-3 (Groundball, 34)
Batting: LHB António Rivera 0-0: Called Strike
0-1: Ground out 3-1 (Groundball, 3L)
Bottom of the 3rd over - 0 run(s), 0 hit(s), 0 error(s), 0 left on base; Santa Barbara 0 - Houston 1
TOP OF THE 4TH
Santa Barbara Golden Cranes batting - Pitching for Houston BC : LHP Carlos Méndez
Batting: RHB John Aston 0-0: Ball
1-0: Ground out 4-3 (Groundball, 4M)
Batting: LHB Takahiro Harada 0-0: SINGLE (Line Drive, 8RS)
Batting: SHB Stephen Baldwin 0-0: Ball
1-0: Called Strike
1-1: Called Strike
1-2: Ball
2-2: SINGLE (Groundball, 34D)
Takahiro Harada to second
Runner from 2nd tries for 3rd, SAFE, throw made to third
Batting: LHB Chris McKinney 0-0: Fielders Choice at 2nd, 3-6 (Groundball, 34)
Takahiro Harada scores
Batting: RHB José Mata 0-0: Fielders Choice at 2nd, U4 (Groundball, 4M)
Top of the 4th over - 1 run(s), 2 hit(s), 0 error(s), 1 left on base; Santa Barbara 1 - Houston 1
BOTTOM OF THE 4TH
Houston BC batting - Pitching for Santa Barbara Golden Cranes : RHP Cris Herrera
Batting: LHB Yun Yen 0-0: Foul Ball, location: 2F
0-1: Ball
1-1: SINGLE (Line Drive, 89S)
Batting: LHB Jesús Reyes 0-0: Called Strike
0-1: Ball
1-1: SINGLE (Line Drive, 9S)
Yun Yen to second
Batting: SHB Xavier Vásquez 0-0: Foul Ball, location: 2F
0-1: SINGLE (Line Drive, 9LM)
Yun Yen to third
Jesús Reyes to second
Batting: RHB Max White 0-0: Ball
1-0: Grounds into double play, 1-2-3 (Groundball, 13S)
Jesús Reyes to third
Xavier Vásquez to second
Batting: RHB Steffen Taylor 0-0: Called Strike
0-1: Foul Ball, location: 2F
0-2: Strikes out looking
Bottom of the 4th over - 0 run(s), 3 hit(s), 0 error(s), 2 left on base; Santa Barbara 1 - Houston 1
TOP OF THE 5TH
Santa Barbara Golden Cranes batting - Pitching for Houston BC : LHP Carlos Méndez
Batting: RHB Ángel López 0-0: Ball
1-0: Ground out 6-3 (Groundball, 6)
Batting: SHB Shojiro Kimura 0-0: Ball
1-0: Ball
2-0: Ball
3-0: Base on Balls
Batting: RHB Kyle Dempsey 0-0: Ball
1-0: Called Strike
1-1: Fly out, F8 (Flyball, 8LS)
Batting: LHB Sinclair van Kooten 0-0: Ball
1-0: Ball
2-0: Called Strike
2-1: Called Strike
2-2: Strikes out swinging
Top of the 5th over - 0 run(s), 0 hit(s), 0 error(s), 1 left on base; Santa Barbara 1 - Houston 1
BOTTOM OF THE 5TH
Houston BC batting - Pitching for Santa Barbara Golden Cranes : RHP Cris Herrera
Batting: RHB Ludovico Trezza 0-0: Called Strike
0-1: Ball
1-1: Fly out, F6 (Popup, 6MD)
Batting: RHB Albert Delgado 0-0: Called Strike
0-1: Swinging Strike
0-2: Strikes out looking
Batting: RHB José Muńóz 0-0: Bunt for hit - play at first, batter OUT! 5-3
Bottom of the 5th over - 0 run(s), 0 hit(s), 0 error(s), 0 left on base; Santa Barbara 1 - Houston 1
TOP OF THE 6TH
Santa Barbara Golden Cranes batting - Pitching for Houston BC : LHP Carlos Méndez
Batting: RHB John Aston 0-0: Foul Ball, location: 2F
0-1: Foul Ball, location: 2F
0-2: Foul Ball, location: 2F
0-2: Foul Ball, location: 2F
0-2: Ball
1-2: Foul Ball, location: 2F
1-2: Strikes out swinging
Batting: LHB Takahiro Harada 0-0: Foul Ball, location: 2F
0-1: Ball
1-1: Foul Ball, location: 2F
1-2: Foul Ball, location: 2F
1-2: Ball
2-2: Ball
3-2: Foul Ball, location: 2F
3-2: Base on Balls
Batting: SHB Stephen Baldwin 0-0: Ball
1-0: Called Strike
1-1: Swinging Strike
1-2: Strikes out looking
Pitching: RHP Doug Ryan
Batting: LHB Chris McKinney 0-0: Ball
1-0: Foul Ball, location: 2F
1-1: Foul Ball, location: 2F
1-2: Ground out 4-3 (Groundball, 4)
Top of the 6th over - 0 run(s), 0 hit(s), 0 error(s), 1 left on base; Santa Barbara 1 - Houston 1
BOTTOM OF THE 6TH
Houston BC batting - Pitching for Santa Barbara Golden Cranes : RHP Cris Herrera
Batting: LHB António Rivera 0-0: Ball
1-0: Ball
2-0: Foul Ball, location: 2F
2-1: SINGLE (Groundball, 4MD)
Batting: LHB Yun Yen 0-0: Called Strike
0-1: Ball
1-1: Ball
2-1: Ball
3-1: Fly out, F8 (Flyball, 8LD)
Batting: LHB Jesús Reyes 0-0: Grounds into double play, 6-4-3 (Groundball, 6)
Bottom of the 6th over - 0 run(s), 1 hit(s), 0 error(s), 0 left on base; Santa Barbara 1 - Houston 1
TOP OF THE 7TH
Santa Barbara Golden Cranes batting - Pitching for Houston BC : RHP Doug Ryan
Batting: RHB José Mata 0-0: Called Strike
0-1: Called Strike
0-2: Strikes out swinging
Batting: RHB Ángel López 0-0: Ball
1-0: Called Strike
1-1: Foul Ball, location: 2F
1-2: Ball
2-2: Strikes out looking
Batting: SHB Shojiro Kimura 0-0: Foul Ball, location: 2F
0-1: Ball
1-1: Ball
2-1: Foul Ball, location: 2F
2-2: Ball
3-2: DOUBLE (Line Drive, 7LS)
Batting: RHB Kyle Dempsey 0-0: Ball
1-0: Foul Ball, location: 2F
1-1: Foul Ball, location: 2F
1-2: Ball
2-2: Ball
3-2: SINGLE (Flyball, 8LS)
Shojiro Kimura to third
Shojiro Kimura scores
Batting: LHB Sinclair van Kooten 0-0: Called Strike
0-1: Called Strike
0-2: Ball
1-2: Foul Ball, location: 2F
1-2: Strikes out looking
Top of the 7th over - 1 run(s), 2 hit(s), 0 error(s), 1 left on base; Santa Barbara 2 - Houston 1
BOTTOM OF THE 7TH
Houston BC batting - Pitching for Santa Barbara Golden Cranes : RHP Cris Herrera
Batting: SHB Xavier Vásquez 0-0: Ball
1-0: Foul Ball, location: 2F
1-1: Ball
2-1: SINGLE (Popup, 6D)
Batting: RHB Max White 0-0: Called Strike
Xavier Vásquez steals 2nd base
0-1: Ball
1-1: Ball
2-1: Ball
3-1: Base on Balls
Batting: RHB Steffen Taylor 0-0: Ball
1-0: Bunted foul
1-1: Ball
2-1: Sac Bunt - play at first, batter OUT! 1-4
Xavier Vásquez to third
Max White to second
Pinch Hitting: RHB Micah Miller 0-0: Called Strike
0-1: Ball
1-1: Ball
2-1: Ball
3-1: Called Strike
3-2: Base on Balls
Pinch Hitting: RHB António Alvarado 0-0: Ball
1-0: Ball
2-0: Ball
3-0: Base on Balls
Xavier Vásquez scores
Max White to third
Micah Miller to second
Batting: RHB José Muńóz 0-0: SINGLE (Line Drive, 9LS)
Max White scores
Micah Miller to third
António Alvarado to second
Batting: LHB António Rivera 0-0: Swinging Strike
0-1: Foul Ball, location: 2F
0-2: Ball
1-2: SINGLE (Flyball, 6MD)
Micah Miller scores
António Alvarado to third
José Muńóz to second
Batting: LHB Yun Yen 0-0: Foul Ball, location: 2F
0-1: Foul Ball, location: 2F
0-2: Ball
1-2: Foul Ball, location: 2F
1-2: Fly out, F8 (Flyball, 8RM)
Runner from 3rd tags up, SCORES, throw made
Batting: LHB Jesús Reyes 0-0: Ball
1-0: Called Strike
1-1: Foul Ball, location: 2F
1-2: Ball
2-2: Ball
3-2: 3-RUN HOME RUN (Flyball, 9D), Distance : 390 ft
Pitching: LHP Doug Robinson
Batting: SHB Xavier Vásquez 0-0: SINGLE (Groundball, 56D)
Batting: RHB Max White 0-0: Foul Ball, location: 2F
0-1: Ball
1-1: Ball
2-1: SINGLE (Groundball, 34D)
Xavier Vásquez to second
Throwing error, E9
Xavier Vásquez scores
Max White to second
Batting: RHB Steffen Taylor 0-0: Fly out, F8 (Flyball, 8LS)
Bottom of the 7th over - 8 run(s), 6 hit(s), 1 error(s), 1 left on base; Santa Barbara 2 - Houston 9
TOP OF THE 8TH
Santa Barbara Golden Cranes batting - Pitching for Houston BC : RHP Doug Ryan
Now in LF: Micah Miller
Batting: RHB John Aston 0-0: Called Strike
Now in LF: António Alvarado 0-1: Ball
1-1: Ball
2-1: Foul Ball, location: 2F
2-2: Strikes out swinging
Pinch Hitting: LHB Miguel Mendoza 0-0: Ball
1-0: DOUBLE (Line Drive, 9D)
Batting: SHB Stephen Baldwin 0-0: Ball
1-0: Called Strike
1-1: Foul Ball, location: 2F
1-2: Ball
2-2: Foul Ball, location: 2F
2-2: Ball
3-2: Foul Ball, location: 2F
3-2: Base on Balls
Batting: LHB Chris McKinney 0-0: Swinging Strike
0-1: Ball
1-1: Called Strike
1-2: Fly out, F8 (Flyball, 8RD)
Batting: RHB José Mata 0-0: Called Strike
0-1: Called Strike
0-2: DOUBLE (Flyball, 9LS)
Miguel Mendoza scores
Stephen Baldwin to third
Runner from 3rd tries for Home, SAFE, no throw or cutoff
Pitching: RHP Clemente Prista
Batting: RHB Ángel López 0-0: Ball
1-0: Called Strike
1-1: Foul Ball, location: 2F
1-2: SINGLE (Groundball, 4M)
José Mata to third
Runner from 3rd tries for Home, SAFE, no throw or cutoff
Batting: SHB Shojiro Kimura 0-0: Ball
1-0: Foul Ball, location: 2F
1-1: DOUBLE (Groundball, 3L)
Ángel López to third
Batting: RHB Kyle Dempsey 0-0: Called Strike
0-1: Ball
1-1: Ball
2-1: Ball
3-1: Fly out, F8 (Flyball, 89S)
Top of the 8th over - 3 run(s), 4 hit(s), 0 error(s), 2 left on base; Santa Barbara 5 - Houston 9
BOTTOM OF THE 8TH
Houston BC batting - Pitching for Santa Barbara Golden Cranes : LHP Doug Robinson
Now in LF: Sherwood Hoffman
Batting: RHB Micah Miller 0-0: SINGLE (Line Drive, 7LS)
Batting: RHB António Alvarado 0-0: Sac Bunt - play at first, batter OUT! 5-3
Micah Miller to second
Batting: RHB José Muńóz 0-0: Intentional Walk
Batting: LHB António Rivera 0-0: Ball
1-0: Reached on error, E4 (Groundball, 4)
Micah Miller to third
José Muńóz to second
Batting: LHB Yun Yen 0-0: Ball
1-0: Called Strike
1-1: Foul Ball, location: 2F
1-2: Ball
2-2: Foul Ball, location: 2F
2-2: Grounds into double play, 4-6-3 (Groundball, 34)
Bottom of the 8th over - 0 run(s), 1 hit(s), 1 error(s), 2 left on base; Santa Barbara 5 - Houston 9
TOP OF THE 9TH
Santa Barbara Golden Cranes batting - Pitching for Houston BC : RHP Clemente Prista
Batting: LHB Sinclair van Kooten 0-0: Ball
1-0: Ball
2-0: Called Strike
2-1: Ball
3-1: Ground out 6-3 (Groundball, 6)
Batting: RHB John Aston 0-0: Ball
1-0: Fly out, F3 (Popup, 34S)
Batting: SHB Sherwood Hoffman 0-0: DOUBLE (Line Drive, 78D)
Batting: SHB Stephen Baldwin 0-0: Swinging Strike
0-1: Ball
1-1: Called Strike
1-2: Foul Ball, location: 2F
1-2: Ball
2-2: Ball
3-2: Strikes out swinging
Top of the 9th over - 0 run(s), 1 hit(s), 0 error(s), 1 left on base; Santa Barbara 5 - Houston 9
This league is powered by Out of the Park Baseball, the baseball management simulation game for PC, Mac and Linux
Friday, April 15th, 2016 - OOTP Baseball 16.9 Build 39